 Dungeon Crawl Stone Soup version 0.31.0-9-g3a7656b989 (webtiles) character file.

Game seed: 8067122796935921484

102 GordonOverkill the Trooper (level 4, -6/43 (46) HPs)
             Began as an Octopode Reaver on Jan 31, 2024.
             Mangled by a gnoll
             ... wielding a +0 halberd
              (8 damage)
             ... on level 2 of the Dungeon.
             The game lasted 00:05:51 (1674 turns).

GordonOverkill the Trooper (Octopode Reaver)        Turns: 1674, Time: 00:05:52

HP:   -6/43 (46)    AC: 22    Str: 11    XL:     4   Next: 77%
MP:   7/7           EV:  2    Int: 17    God:
Gold: 126           SH:  0    Dex: 10    Spells: 0/7 levels left

rFire   . .          .
                       - Unarmed
rCold   . . .        (no shield)
rNeg    . . .        (helmet currently unavailable)
rPois   +            (no amulet)
rElec   .            (no ring)
rCorr   .            (no ring)
SInv    .            (no ring)
Will    .....        (no ring)
Stlth   ++           (no ring)
HPRegen 0.27/turn    (no ring)
MPRegen 0.10/turn    (no ring)
                     (no ring)

%: no passive effects
@: tree-form, on berserk cooldown, slowed, drained, very slow
A: stationary, stasis, torment immunity, boosted hp, almost no armour,
(amphibious), 8 rings, (camouflage 1), (gelatinous body 1), (nimble swimmer 1),
(tentacles)
a: no special abilities


You were on level 2 of the Dungeon.
You were a tree.
You visited 1 branch of the dungeon, and saw 2 of its levels.

You collected 126 gold pieces.

Inventory:

Hand Weapons
 a - a +0 rapier
 c - a +0 trident
Missiles
 m - 4 atropa-tipped darts
Jewellery
 o - a ring of ice
Scrolls
 b - a scroll of teleportation {unknown}
 f - 2 scrolls of fear {unknown}
 g - a scroll of enchant weapon {unknown}
 i - a scroll of poison {unknown}
 l - a scroll of immolation {unknown}
 n - a scroll of vulnerability {unknown}
 p - a scroll of identify {unknown}
 r - a scroll of acquirement {unknown}
Potions
 h - a potion of attraction {unknown}
 j - a potion of curing {unknown}
 k - a potion of mutation {unknown}
 q - a potion of degeneration {unknown}
 s - a potion of brilliance {unknown}
 t - a potion of ambrosia {unknown}


   Skills:
 + Level 3.2 Fighting
 - Level 2.0 Dodging
 - Level 3.0 Stealth
 - Level 3.0 Unarmed Combat
 - Level 2.0 Spellcasting
 - Level 3.0 Conjurations
 - Level 1.0 Necromancy
 - Level 2.0 Ice Magic
 - Level 0.2 Shapeshifting


You couldn't memorise any spells.
You knew the following spells:

 Your Spells              Type           Power      Damage    Failure   Level
a - Kiss of Death         Conj/Necr      32%        2d7       9%          1
b - Hailstorm             Conj/Ice       10%        3d6       21%         3
c - Ozocubu's Armour      Ice            8%         N/A       26%         3

Your spell library contained the following spells:

 Spells                   Type           Power      Damage    Failure   Level
 Momentum Strike          Conj/Tloc      12%        3d8       16%         2
 Fugue of the Fallen      Necr           5%         N/A       36%         3
 Leda's Liquefaction      Alch/Erth      0%         N/A       88%         4
 Manifold Assault         Tloc           1%         N/A       88%         4
 Lee's Rapid Deconstruct  Erth           0%         3d4*      99%         5
 Bombard                  Conj/Erth      3%         9d1       100%        6


Dungeon Overview and Level Annotations

Branches:
Dungeon (2/15)

Altars:

Shops:
D:1 (


Innate Abilities, Weirdness & Mutations

You are a tree.
Your roots penetrate the ground, keeping you stationary.
You cannot be teleported.
You are immune to unholy pain and torment.
Your maximum health is greatly increased.
You cannot wear most types of armour.
((You are amphibious.))
You can wear up to eight rings at the same time.
((Your skin changes colour to match your surroundings (Stealth+).))
((Your rubbery body absorbs attacks. (AC +1, EV +1)))
((You are camouflaged when in or above water. (Stealth+)))
((You have tentacles for arms and can constrict up to eight enemies at once.))


Message History

You feel yourself moving faster!
You feel mighty!
The gnoll hits you but does no damage. x2
The gnoll hits you from afar with a +0 halberd!
* * * LOW HITPOINT WARNING * * *
The rat bites you but does no damage.
You hit the gnoll.
The gnoll is severely wounded.
The gnoll hits you with a +0 whip.
* * * LOW HITPOINT WARNING * * *
The gnoll hits you but does no damage. x2
You barely miss the gnoll.
The gnoll is severely wounded.
The rat bites you but does no damage.
The gnoll hits you but does no damage. x2
You pummel the gnoll!!
You kill the gnoll!
The gnoll hits you from afar with a +0 halberd.
* * * LOW HITPOINT WARNING * * *
The rat bites you but does no damage. The gnoll barely misses you.
Training target 2.0 for Ice Magic reached!
Your Ice Magic skill increases to level 2!
You need to enable at least one skill for training.
Unknown command.
You barely miss the gnoll. The gnoll hits you but does no damage.
You smack the gnoll!
You kill the gnoll!
The rat bites you but does no damage.
You smack the rat!
You kill the rat!
The gnoll barely misses you.
You are too berserk!
You are too berserk!
You cannot move.
The gnoll hits you but does no damage.
You feel a strong urge to attack something.
The gnoll hits you but does no damage.
You feel your anger nearly subside.
You are no longer berserk.
You are exhausted.
You feel yourself slow down.
The gnoll hits you from afar with a +0 halberd!
You die...

.......)..#### #........#
#####..#.....####........#
#.....###......#........####
##.###.#####................#
...# #..# ##.............#.#####
.### ##.# #...#................
..# #.# ##...................
..#####.######.#.†g..............
..........#<....♣$...............
.................)...............
......................####.......
..............###.....#..........
..........##..###................
..........##..#......#..#########
.##.....###..........#.....###
....#.>.........#....#.###...#
.........................###.#


You could see a gnoll.

Vanquished Creatures
  2 gnolls (D:2)
  An adder (D:2)
  2 ribbon worms (D:2)
  2 dart slugs
  2 endoplasms
  A giant cockroach (D:1)
  8 goblins
  8 hobgoblins
  8 jackals (D:1)
  3 quokkas
  2 ball pythons (D:1)
  8 bats
  2 frilled lizards
  5 kobolds
  8 rats
62 creatures vanquished.

Notes
Turn   | Place    | Note
-------+----------+-------------------------------------------
     0 | D:1      | GordonOverkill the Octopode Reaver began the quest for the
                  | Orb.
     0 | D:1      | Reached XP level 1. HP: 14/14 MP: 3/3
    91 | D:1      | Reached XP level 2. HP: 15/20 MP: 5/5
   407 | D:1      | Reached skill level 1 in Necromancy
   491 | D:1      | Reached XP level 3. HP: 23/23 MP: 6/6
   496 | D:1      | Reached skill level 1 in Stealth
   598 | D:1      | Found Pereits's Antique Weapon Shoppe.
   773 | D:1      | Found a faded altar of an unknown god.
   936 | D:1      | Learned a level 3 spell: Hailstorm
  1246 | D:2      | Reached XP level 4. HP: 26/31 MP: 7/7
  1299 | D:2      | Reached skill level 1 in Ice Magic
  1489 | D:2      | Learned a level 3 spell: Ozocubu's Armour
  1664 | D:2      | HP: 3/60 [gnoll/+0 halberd (8)]
  1674 | D:2      | Mangled by a gnoll

Illustrated notes

Levels and vault maps discovered:
D:1:      minmay_arrival_semitransparent, layout_loops_ring, serial_shops, shop,
          shapermc_ecumenical_altar_mp_urbaneastern, hex_tiny
D:2:      kennysheep_the_goblin_king, layout_rooms, palyth_stone_intersect

Skill      XL: |  1  2  3  4 |
---------------+-------------+-----
Fighting       | 3 |  3.2
Necromancy     | 1 |  1.0
Stealth        | 3 |  3.0
Ice Magic      | 2 |  2.0
Dodging        | |  2.0
Unarmed Combat | |  3.0
Spellcasting   | |  2.0
Conjurations   | |  3.0
Shapeshifting  | |  0.2

Action                     |  1- 3 |  4- 6 || total
---------------------------+-------+-------++-------
  Melee: Unarmed           |    95 |    35 ||   130
         Tentacles         |    22 |     6 ||    28
         Constrict         |    27 |     7 ||    34
         Punch             |     2 |     1 ||     3
   Cast: Kiss of Death     |     1 |     1 ||     2
    Use: Potion            |       |     2 ||     2
   Stab: Sleeping          |     3 |     1 ||     4
 Armour: Skin              |    56 |    35 ||    91
  Dodge: Dodged            |    94 |    14 ||   108
